 Dungeon Sprint DCSS version 0.21-a0-460-g737a915 (webtiles) character file.

65 Kidiri the Ruffian (level 3, -6/60 HPs)
             Began as a Troll Monk on Nov 20, 2017.
             Was a Believer of Wu Jian.
             Mangled by an ogre
             ... wielding a +0 giant spiked club
              (17 damage)
             ... in the Dungeon (Sprint V: "Ziggurat Sprint").
             The game lasted 00:01:27 (123 turns).

Kidiri the Ruffian (Troll Monk)                      Turns: 123, Time: 00:01:27

Health: -6/60      AC:  5    Str: 25    XL:     3   Next: 94%
Magic:  3/3        EV: 12    Int:  6    God:    Wu Jian [**....]
Gold:   0          SH:  0    Dex: 24    Spells: 2/2 levels left

rFire    . . .     SeeInvis .     - Unarmed
rCold    . . .     Gourm    +   (no shield)
rNeg     . . .     Faith    .   a - +0 robe
rPois    .         Spirit   .   (helmet restricted)
rElec    .         Reflect  .   (no cloak)
rCorr    .         Harm     .   (gloves unavailable)
MR       .....     NoTele   +   (boots unavailable)
Stlth    ..........             (no amulet)
HPRegen  0.60/turn              w - +6 ring of dexterity
MPRegen  0.08/turn              x - +6 ring of dexterity

@: berserking, very quick
A: unfitting armour, claws 3, fast metabolism 3, gourmand, regeneration 1,
shaggy fur 1, tough skin 2
a: Renounce Religion


You were in the Dungeon.
You worshipped Wu Jian.
Wu Jian was pleased with you.
You were not hungry.

You visited 1 branch

Inventory:

Armour
 a - a +0 robe (worn)
 G - +5 gold dragon scales
Jewellery
 w - a +6 ring of dexterity (left claw)
 x - a +6 ring of dexterity (right claw)
 y - a +6 ring of intelligence
 z - a +6 ring of intelligence
 A - a +6 ring of strength
 B - a +6 ring of strength
Wands
 C - a wand of disintegration (7)
 D - a wand of iceblast (5)
 E - a wand of lightning (5)
 F - a wand of acid (5)
Scrolls
 h - 4 scrolls of blinking
 o - 4 scrolls of amnesia
 p - 7 scrolls of fog
 q - a scroll of holy word
 r - 5 scrolls of identify
 s - 5 scrolls of remove curse
 t - 2 scrolls of fear
Potions
 c - 10 potions of curing
 d - 7 potions of heal wounds
 e - 6 potions of haste
 f - 7 potions of magic
 g - 2 potions of berserk rage
 i - 2 potions of brilliance
 j - 2 potions of invisibility
 k - 4 potions of resistance
 m - 5 potions of agility
 n - 5 potions of might
Comestibles
 b - 6 bread rations
 u - 42 fruits
 v - 4 meat rations


   Skills:
 * Level 4.4 Fighting
 + Level 2.2 Armour
 + Level 3.5 Dodging
 * Level 2.8 Stealth
 * Level 5.3 Unarmed Combat
 + Level 2.0 Evocations


You had 2 spell levels left.
You didn't know any spells.

Dungeon Overview and Level Annotations

Branches:
Dungeon (1/1)

Altars:
Ashenzari
Cheibriados
Dithmenos
Elyvilon
Fedhas
Gozag
Hepliaklqana
Kikubaaqudgha
Makhleb
Nemelex Xobeh
Okawaru
Qazlal
Ru
Sif Muna
Trog
Uskayaw
Vehumet
Wu Jian
Xom
Yredelemnul
Zin
The Shining One
Beogh
Jiyva
Lugonu

Annotations:
D 1 transporter


Innate Abilities, Weirdness & Mutations

You are too large for most types of armour.
You have claws for hands.
Your metabolism is lightning-fast.
You like to eat raw meat.
Your natural rate of healing is unusually fast.
You are covered in fur. (AC +1)
You have very tough skin. (AC +2)


Message History

Okay, then.
The ogre shouts! x2
You repeatedly attack the troll from above.
You closely miss the troll. You claw the troll!
The troll is lightly wounded.
You scratch the troll.
The troll is moderately wounded.
The ogre hits you with a giant spiked club!
The troll bites you! The troll misses you.
The troll claws you but does no damage. The ogre misses you.
You feel much better. The troll bites you! The troll barely misses you. x2
The ogre barely misses you.
A red film seems to cover your vision as you go berserk!
You feel yourself moving faster!
You feel mighty! The troll bites you! The troll claws you. The troll claws you!
* * * LOW HITPOINT WARNING * * *
The ogre hits you with a giant club.
* * * LOW HITPOINT WARNING * * *
The ogre hits you with a giant spiked club!
You die...

▓▓▓▓▓▓▓▓▓▓▓▓▓
▓.8©8.▓.8©8.▓
▓.)}:.▓.....▓
▓.....▓...).▓
▓.....▓...).▓
▓..OT.▓.....▓
▓..@O.▓..©..▓
▓..©..▓▓▓▓▓▓▓
▓▓▓▓▓▓▓


You could see a troll and 2 ogres.

Vanquished Creatures
  2 iron imps (D)
2 creatures vanquished.

Notes
Turn   | Place    | Note
-------+----------+-------------------------------------------
     0 | D        | Found the +6 Majin-Bo {vamp, Archmagi MP+6 Int+6}
     0 | D        | Found the +7 great mace "Firestarter" {inner flame, rF++}
     0 | D        | Kidiri the Troll Monk began the quest for the Orb.
     0 | D        | Reached XP level 1. HP: 22/22 MP: 0/0
     0 | D        | Found a deep blue altar of Sif Muna.
     0 | D        | Found a sacrificial altar of Ru.
     0 | D        | Found a bloodstained altar of Trog.
     0 | D        | Found a stormy altar of Qazlal.
     0 | D        | Found an iron altar of Okawaru.
     0 | D        | Found a sparkling altar of Nemelex Xobeh.
     0 | D        | Found a blossoming altar of Fedhas.
     2 | D        | Found a transporter.
     2 | D        | Found an ancient bone altar of Kikubaaqudgha.
     2 | D        | Found a viscous altar of Jiyva.
     2 | D        | Found a corrupted altar of Lugonu.
     2 | D        | Found a hazy altar of Hepliaklqana.
     2 | D        | Found a burning altar of Makhleb.
     2 | D        | Found an opulent altar of Gozag.
    19 | D        | Found the +9 heavy crossbow "Sniper" {velocity, Acc+∞ SInv}
    19 | D        | Found the +10 dark maul {crush}
    19 | D        | Found the +15 Maxwell's patent armour {-Cast -Tele rElec MR+ rCorr}
    19 | D        | Found the +18 shield of the Gong {rElec rN+ MR+ EV-5}
    19 | D        | Found the cursed +14 obsidian axe {chop, +Fly SInv *Curse}
    20 | D        | Found the +6 shillelagh "Devastator" {shatter}
    20 | D        | Found the +11 plutonium sword {*Contam Stlth-}
    20 | D        | Found the +8 lance "Wyrmbane" {slay drac, rPois rF+ rC+ AC+3}
    20 | D        | Found the +9 sword of Zonguldrok {reap}
    20 | D        | Found the cursed +13 scythe of Curses {drain, *Curse}
    20 | D        | Found the +0 sword of Power
    20 | D        | Found the +15 mace of Variability {chaos}
    20 | D        | Found the +7 Singing Sword
    20 | D        | Found the +7 longbow "Piercer" {penet, EV-2}
    48 | D        | Became a worshipper of the Wu Jian Council
    48 | D        | Reached * piety under Wu Jian
    48 | D        | Reached ** piety under Wu Jian
    54 | D        | Reached skill level 1 in Armour
    54 | D        | Reached skill level 4 in Unarmed Combat
    54 | D        | Reached skill level 1 in Evocations
    54 | D        | Reached XP level 2. HP: 32/32 MP: 0/2
    66 | D        | Entered arena 2.
    66 | D        | Found a transporter.
    76 | D        | Reached XP level 3. HP: 27/39 MP: 0/3
    79 | D        | Reached skill level 5 in Unarmed Combat
   116 | D        | Entered arena 3.
   116 | D        | Noticed a troll
   116 | D        | Noticed an ogre
   116 | D        | Noticed an ogre
   116 | D        | Found a transporter.
   123 | D        | Mangled by an ogre

Vault maps used:
D:        sprint_v

Skill      XL: |  1  2  3 |
---------------+----------+-----
Fighting       | 3 4 |  4.4
Armour         | 1 2 |  2.2
Dodging        | 3 |  3.5
Stealth        | 2 |  2.8
Unarmed Combat | 4 5 |  5.3
Evocations     | 1 2 |  2.0

Action                   || total
-------------------------++-------
Melee: Unarmed           ||    25
  Use: Potion            ||     5
Armor: Robe              ||     2
Dodge: Dodged            ||     6

Table legend:
 A = Spawn XP
 B = Non-spawn XP
 C = Spawn XP percentage of total XP
 D = Spawn monster count
 E = Non-spawn monster count
 F = Spawn count percentage of total count
 G = Total turns spent on level
                    A         B        C        D         E        F      G
               +---------+---------+-------+---------+---------+-------+---------
         Total |       0 |      82 |   0.0 |       0 |       2 |   0.0 |   123
               +---------+---------+-------+---------+---------+-------+---------
             D |       0 |      82 |   0.0 |       0 |       2 |   0.0 |   123
               +---------+---------+-------+---------+---------+-------+---------
